 Dungeon Crawl Stone Soup version 0.28-a0-1038-g9c4cb8273d (webtiles) character file.

Game seed: 920060584647147495

396974 bearlyready the Phalangite (level 23, -10/186 HPs)
             Began as a Merfolk Fighter on Dec 8, 2021.
             Was the Champion of Cheibriados.
             Mangled by a hell knight (14 damage)
             ... while paralysed by a great orb of eyes
             ... on level 3 of the Depths.
             The game lasted 01:19:06 (41251 turns).

bearlyready the Phalangite (Merfolk Fighter)       Turns: 41251, Time: 01:19:07

Health: -10/186    AC: 23    Str: 39    XL:     23   Next: 22%
Magic:  43/43      EV:  2    Int: 24    God:    Cheibriados [******]
Gold:   1719       SH:  0    Dex: 43    Spells: 22/22 levels left

rFire   + + +      SeeInvis .   a - +6 demon trident (drain)
rCold   + . .      Faith    .   P - +2 tower shield
rNeg    . . .      Spirit   .   J - +4 scale mail of Past Mistakes {rElec rF+ Regen+ MP+9}
rPois   .          Reflect  .   o - +2 helmet
rElec   +          Harm     .   K - scarf {shadows}
rCorr   +          Rampage  .   Q - +2 pair of gloves
Will    +....                   A - +2 pair of boots of the Many Friends {rF+}
Stlth   ++........              s - amulet "Litazut" {Regen+ Str+3 Dex+2}
HPRegen 2.01/turn               p - ring of Bigofiar {rElec rF+ rC+ rCorr Str+2}
MPRegen 0.28/turn               w - +6 ring of dexterity

@: paralysed, very slow
A: (nimble swimmer 2), mertail
}: 2/15 runes: decaying, serpentine
a: Renounce Religion, Bend Time, Temporal Distortion, Slouch, Step From Time


You were on level 3 of the Depths.
You worshipped Cheibriados.
Cheibriados was exalted by your worship.
You visited 8 branches of the dungeon, and saw 39 of its levels.
You visited 1 bazaar.
You also visited: Bailey and Volcano.

You collected 5286 gold pieces.
You spent 3567 gold pieces at shops.

Inventory:

Hand Weapons
 a - a +6 demon trident of draining (weapon)
Missiles
 c - 2 curare-tipped darts
 t - 96 boomerangs (quivered)
 L - 13 javelins
 S - 4 silver javelins
 T - 6 silver boomerangs
Armour
 o - a +2 helmet (worn)
 r - +0 gold dragon scales
 A - the +2 pair of boots of the Many Friends (worn) {rF+}
   (You found it on level 6 of the Dungeon)

   rF:        It protects you from fire.
 J - the +4 scale mail of Past Mistakes (worn) {rElec rF+ Regen+ MP+9}
   (You found it on level 1 of the Depths)

   rF:        It protects you from fire.
   rElec:     It insulates you from electricity.
   MP:        It affects your magic capacity (+9).
   Regen:     It increases your rate of health regeneration.
 K - a scarf of shadows (worn)
 P - a +2 tower shield (worn)
 Q - a +2 pair of gloves (worn)
Jewellery
 p - the ring of Bigofiar (left hand) {rElec rF+ rC+ rCorr Str+2}
   (You bought it in a shop on level 2 of the Orcish Mines)

   [ring of resist corrosion]

   Str:       It affects your strength (+2).
   rF:        It protects you from fire.
   rC:        It protects you from cold.
   rElec:     It insulates you from electricity.
   rCorr:     It protects you from acid and corrosion.
 s - the amulet "Litazut" (around neck) {Regen+ Str+3 Dex+2}
   (You bought it in a shop on level 1 of the Snake Pit)

   [amulet of regeneration]

   Str:       It affects your strength (+3).
   Dex:       It affects your dexterity (+2).
   Regen:     It increases your rate of health regeneration.
 w - a +6 ring of dexterity (right hand)
Wands
 b - a wand of digging (9)
 i - a wand of mindburst (2)
 n - a wand of paralysis (32)
 x - a wand of acid (5)
 G - a wand of iceblast (17)
 H - a wand of flame (86)
 W - a wand of charming (8)
Scrolls
 d - 19 scrolls of identify
 f - 8 scrolls of magic mapping
 g - 2 scrolls of fog
 h - 4 scrolls of fear
 j - 5 scrolls of holy word
 l - 5 scrolls of amnesia
 u - 4 scrolls of enchant armour
 y - 5 scrolls of summoning
 C - 8 scrolls of blinking
 V - 14 scrolls of teleportation
Potions
 e - 7 potions of brilliance
 m - 5 potions of lignification
 q - 5 potions of cancellation
 z - 11 potions of attraction
 B - 5 potions of resistance
 D - 6 potions of flight
 E - 3 potions of ambrosia
 F - 10 potions of mutation
 I - 15 potions of heal wounds
 N - 3 potions of might
 R - 16 potions of curing
 U - 2 potions of magic
 X - 2 potions of berserk rage
 Z - 4 potions of invisibility
Miscellaneous
 k - a phial of floods
 v - a condenser vane
 M - a box of beasts
 O - a tin of tremorstones (2/2)
 Y - a phantom mirror


   Skills:
 + Level 16.7 Fighting
 + Level 23.8 Polearms
 + Level 14.9 Throwing
 + Level 10.7 Armour
 + Level 19.2 Dodging
 + Level 14.5 Shields
 + Level 15.2 Invocations
 + Level 14.3 Evocations


You had 22 spell levels left.
You didn't know any spells.
Your spell library contained the following spells:

 Spells                   Type           Power      Damage    Failure   Level
 Magic Dart               Conj           0%         1d3       65%         1
 Sandblast                Erth           0%         2d4       65%         1
 Shock                    Conj/Air       0%         1d3       65%         1
 Sting                    Tmut/Pois      0%         1d3       65%         1
 Call Imp                 Summ           0%         N/A       80%         2
 Passwall                 Tmut/Erth      0%         N/A       80%         2
 Searing Ray              Conj           0%         2d4       80%         2
 Static Discharge         Conj/Air       0%         N/A       80%         2
 Conjure Flame            Conj/Fire      0%         6-21      95%         3
 Ignite Poison            Fire/Tmut/Pois 0%         N/A       95%         3
 Mephitic Cloud           Conj/Pois/Air  0%         N/A       95%         3
 Ozocubu's Armour         Ice            0%         N/A       95%         3
 Stone Arrow              Conj/Erth      0%         3d7       95%         3
 Swiftness                Air            0%         N/A       95%         3
 Airstrike                Air            0%         N/A       100%        4
 Dispel Undead            Necr           0%         3d6       100%        4
 Fulminant Prism          Conj/Hex       0%         3d6       100%        4
 Leda's Liquefaction      Hex/Erth       0%         N/A       100%        4
 Petrify                  Tmut/Erth      0%         N/A       100%        4
 Sticky Flame             Conj/Fire      0%         2d3       100%        4
 Summon Lightning Spire   Summ/Air       0%         N/A       100%        4
 Alistair's Intoxication  Tmut/Pois      0%         N/A       100%        5
 Blade Hands              Tmut           0%         N/A       100%        5
 Borgnjor's Vile Clutch   Necr/Erth      0%         N/A       100%        5
 Freezing Cloud           Conj/Ice/Air   0%         6-21      100%        5
 Irradiate                Conj/Tmut      0%         3d13      100%        5
 Lee's Rapid Deconstruct  Erth           0%         3d5*      100%        5
 Lightning Bolt           Conj/Air       0%         1d11      100%        5
 Metabolic Englaciation   Hex/Ice        0%         N/A       100%        5
 Summon Forest            Summ/Tloc      0%         N/A       100%        5
 Yara's Violent Unravell  Hex/Tmut       0%         3d3       100%        5
 Eringya's Noxious Bog    Tmut/Pois      0%         N/A       100%        6
 Statue Form              Tmut/Erth      0%         N/A       100%        6
 Dragon Form              Tmut           0%         N/A       100%        7
 Ozocubu's Refrigeration  Ice            0%         4d5       100%        7
 Summon Hydra             Summ           0%         N/A       100%        7


Dungeon Overview and Level Annotations

Branches:
Dungeon (15/15)            Temple (0/1) D:7            Lair (6/6) D:8
  Swamp (4/4) Lair:4        Snake (4/4) Lair:3        Slime (0/5) Lair:5
    Orc (2/2) D:9             Elf (0/3) Orc:2        Vaults (4/5) D:13
  Crypt (0/3) Vaults:2     Depths (3/4) D:15           Hell (visited)
 Bailey (visited)         Volcano (visited)
    Dis: Hell:1         Geh: Hell:1         Coc: Hell:1         Tar: Hell:1

Altars:
Cheibriados
Fedhas
Makhleb
Trog
Yredelemnul
The Shining One
Jiyva
Lugonu

Shops:
D:4 ?   Orc:1 [   Orc:2 *(?=(   Snake:1 *!*=   Vaults:1 [   Vaults:2 !
Depths:1 =:=

Portals:
Hell: Depths:1 Depths:2 Depths:3
Abyss: Lair:6 Depths:3
Pandemonium: Orc:2 Depths:2
Ziggurat: Depths:1
Trove: D:14 (give 7 scrolls of fog)

Annotations:
Vaults:1 2 transporters, blank1's ghost, adept BaFi
Hell Geryon


Innate Abilities, Weirdness & Mutations

((You are quick and stealthy near water. (Stealth+, EV+, Speed+++)))
Your lower body shifts to a powerful aquatic tail in water.


Message History

The hell knight hits you with a +2 great sword of flaming!!
The great orb of eyes bites you but does no damage.
The hell knight simulacrum hits you. The hell knight simulacrum freezes you!
You resist.
The hell knight hits you with a +2 long sword of flaming!
The hell knight hits you with a +2 vorpal battleaxe!!
The hell knight casts a spell at you.
The bolt of fire hits you but does no damage.
The hell knight gestures at you while chanting.
The bolt of fire hits you. You resist.
The bolt of fire hits the hell knight.
The hell knight completely resists.
The hell knight hits you with a +2 vorpal battleaxe!
The hell knight hits you with a +2 great sword of flaming!
* * * LOW HITPOINT WARNING * * *
The great orb of eyes barely misses you.
The hell knight hits you with a +2 long sword of flaming.
* * * LOW HITPOINT WARNING * * *
The hell knight hits you with a +2 vorpal battleaxe.
* * * LOW HITPOINT WARNING * * *
x2 The hell knight casts a spell at you.
The bolt of fire hits you. You resist.
* * * LOW HITPOINT WARNING * * *
The hell knight simulacrum hits you but does no damage.
The great orb of eyes bites you.
* * * LOW HITPOINT WARNING * * *
The necromancer casts a spell.
The necromancer binds the souls of nearby monsters.
The hell knight hits you but does no damage.
The hell knight's soul is no longer bound.
The hell knight hits you with a +2 vorpal battleaxe!
* * * LOW HITPOINT WARNING * * *
x2 The hell knight hits you with a +2 great sword of flaming!!
* * * LOW HITPOINT WARNING * * *
The hell knight burns you.
* * * LOW HITPOINT WARNING * * *
The hell knight hits you with a +2 long sword of flaming.
* * * LOW HITPOINT WARNING * * *
The hell knight simulacrum hits you but does no damage.
The hell knight hits you with a +2 vorpal battleaxe!
You die...

#.# ##.# ♣♣♣ #.###..#
♣.. #......# ♣.♣
...####.##### ######.#
#)....# ♣♣...♣.).
#....)###♣..♣...#(
#.####p....'.#(♣♣♣♣♣#⌠#
#...pG@Z...###♣..♣...#.
#.####pp...# ♣♣...♣...
#.....##########.#
#.................
#.....#...######..
#.....##### ##. '.....#
## #.....# #.....#


You could see a great orb of eyes, 3 hell knights, a necromancer and a hell
knight simulacrum.

Vanquished Creatures
  Xtahua (Depths:3)
  Nikola (Swamp:2)
  A golden dragon (Depths:2)
  A hellephant (Depths:2)
  Jorgrun (D:13)
  3 liches
  A tentacled monstrosity (Swamp:1)
  Mlioglotl (Swamp:2)
  Asterion (Vaults:1)
  Rupert (D:13)
  7 sphinxes
  A quicksilver dragon (Snake:4)
  Frances (D:12)
  Roxanne (D:15)
  A tengu reaver (Depths:1)
  2 thorn hunters (Swamp:4)
  9 nagarajas
  7 vault wardens
  A fenstrider witch (Swamp:3)
  Aizul (Snake:4)
  4 fire giants
  2 frost giants
  3 orc warlords
  18 ironbound preservers
  3 spriggan defenders (Depths:2)
  10 very ugly things
  13 stone giants
  An eleionoma (Swamp:4)
  An eleionoma (shapeshifter) (D:13)
  2 vampire knights (Swamp:4)
  14 dire elephants
  2 entropy weavers
  A bunyip (Swamp:4)
  8 spark wasps
  2 ettins
  6 shambling mangroves
  6 great orbs of eyes
  5 fire dragons
  Josephine (Lair:5)
  4 vault guards
  3 ice dragons
  6 ironbound thunderhulks
  15 naga warriors
  2 salamander tyrants
  20 hydras
  Fannar (Orc:1)
  A demonspawn (Orc:2)
  10 yaktaur captains
  A spriggan air mage (Depths:3)
  A catoblepas (Lair:6)
  An ogre mage (D:15)
  2 death knights
  A rakshasa (Depths:2)
  2 ghost crabs
  9 boulder beetles
  15 ironbound frosthearts
  7 anacondas
  14 death yaks
  16 centaur warriors
  A hell hog (Volcano)
  8 tengu warriors
  2 vampire magi
  7 alligators
  3 deep troll shamans
  6 deep troll earth magi
  8 two-headed ogres
  Urug (Lair:4)
  9 naga sharpshooters
  7 orc high priests
  4 thrashing horrors (Lair:6)
  9 hell knights
  Sonja (D:13)
  7 shock serpents
  2 sun demons
  The ghost of fragbeetle the Protected, a novice MiFi of the Shining One (D:9)
  Nergalle (Orc:1)
  5 iron trolls
  5 salamander mystics
  A fire crab (D:14)
  3 spriggan druids (Swamp:4)
  57 deep trolls
  2 skeletal warriors
  2 sea snakes (Snake:1)
  5 goliath frogs
  2 flayed ghosts
  4 bog bodies (Swamp:2)
  3 spectral hydras (Swamp:4)
  3 naga ritualists
  3 phantasmal warriors
  8 swamp dragons
  An orange crystal statue (Depths:1)
  5 necromancers
  7 wizards
  3 glowing orange brains
  Pikel (D:5)
  A deep elf pyromancer (D:14)
  14 ironbound convokers
  8 lindwurms
  19 mana vipers
  12 orc knights
  5 harpies (Vaults:4)
  3 oklob plants (Swamp:4)
  3 wolf spiders
  20 ugly things
  A mana viper (shapeshifter) (D:13)
  3 will-o-the-wisps
  17 salamanders
  2 fire giant zombies (Depths:2)
  20 elephants
  8 orc sorcerers
  5 cyclopes
  A moth of wrath (shapeshifter) (Vaults:1)
  5 manticores
  A molten gargoyle (Volcano)
  38 black mambas
  7 guardian serpents
  14 vault sentinels
  A smoke demon (Lair:6)
  19 naga magi
  A black mamba (shapeshifter) (D:12)
  16 cane toads
  4 gargoyles
  5 rime drakes
  10 komodo dragons
  An unseen horror (D:12)
  26 yaktaurs
  A komodo dragon (shapeshifter) (Lair:6)
  Psyche (D:9)
  3 tengu conjurers
  A freezing wraith (D:13)
  A red devil (Orc:2)
  An ancient zyme (Lair:6)
  3 hydra zombies (Swamp:4)
  A jumping spider (Lair:2)
  A bloated husk (Swamp:2)
  A merfolk (shapeshifter) (D:14)
  8 tyrant leeches
  2 death drake zombies (Swamp:4)
  4 trolls
  9 polar bears
  A death drake skeleton (Swamp:4)
  18 hornets
  35 slime creatures
  A hydra skeleton (Swamp:4)
  29 blink frogs
  5 dream sheep (Lair:2)
  A fire giant simulacrum (Depths:2)
  7 redbacks
  A tarantella (Vaults:3)
  A spriggan (shapeshifter) (D:15)
  11 small abominations (Lair:6)
  9 spriggans
  3 shadows
  9 wyverns
  A large abomination (Lair:6)
  A tarantella (shapeshifter) (D:14)
  11 fire bats
  3 ynoxinuls (Lair:6)
  5 water elementals
  A yak (shapeshifter) (D:14)
  2 hogs (D:9)
  8 basilisks
  Eustachio (D:5)
  10 wraiths
  29 yaks
  3 chaos spawn
  5 steam dragons
  18 vampire mosquitoes
  42 nagas
  Edmund (D:5)
  2 wargs (Orc:2)
  17 swamp worms
  3 hydra simulacra (Swamp:4)
  15 water moccasins
  3 hell hounds (Volcano)
  5 swamp drakes (Swamp:4)
  4 black bears
  An ice beast (D:6)
  34 orc warriors
  A black bear (shapeshifter) (D:13)
  A boggart (D:14)
  A swamp dragon zombie (Swamp:4)
  6 ogres
  19 wolves
  11 centaurs
  A swamp dragon skeleton (Swamp:4)
  A phantom (D:4)
  2 kobold brigands
  12 bullfrogs
  A gnoll sergeant (D:9)
  2 scorpions
  A water moccasin skeleton (D:5)
  3 killer bees (D:9)
  5 wights (D:7)
  2 howler monkeys
  6 electric eels
  8 centaur zombies
  7 lava snakes
  A bullfrog zombie (D:5)
  5 hounds
  A jelly (D:6)
  20 orc priests
  4 iguanas
  5 hell rats (Lair:5)
  13 orc wizards
  2 killer bee zombies
  A hound skeleton (D:4)
  2 howler monkey zombies
  22 gnolls
  10 adders
  A shadow imp (D:7)
  A worm (shapeshifter) (Lair:6)
  2 worms
  A dart slug (D:1)
  57 orcs
  6 ball pythons
  5 endoplasms
  5 giant cockroaches
  9 goblins
  18 hobgoblins
  34 kobolds
  A quokka (D:3)
  4 bats
  A frilled lizard (D:2)
  6 rats
  2 foxfires (Swamp:4)
1485 creatures vanquished.

Vanquished Creatures (collateral kills)
  A quicksilver dragon (Snake:4)
  A nagaraja (Snake:4)
  A naga warrior (Snake:4)
  A salamander tyrant (Snake:4)
  A deep troll (Vaults:3)
  An ugly thing (Vaults:3)
6 creatures vanquished.

Vanquished Creatures (others)
  An ice dragon (Depths:2)
  A hydra (Swamp:1)
  A goliath frog (Swamp:1)
  A black mamba (Snake:2)
  A vault sentinel (Vaults:4)
  2 bloated husks
  A tyrant leech (Swamp:1)
  A naga (Snake:4)
  2 orcs (D:9)
  A kobold (Bailey)
  4 briar patches (Swamp:4)
  2 bushes (Lair:4)
  8 foxfires
  120 fungi
  176 plants
322 creatures vanquished.

Grand Total: 1813 creatures vanquished

Notes
Turn   | Place    | Note
-------+----------+-------------------------------------------
     0 | D:1      | bearlyready the Merfolk Fighter began the quest for the
                  | Orb.
     0 | D:1      | Reached XP level 1. HP: 18/18 MP: 1/1
   245 | D:1      | Reached skill level 4 in Polearms
   245 | D:1      | Reached XP level 2. HP: 24/24 MP: 2/2
   477 | D:1      | Reached skill level 5 in Polearms
   477 | D:1      | Reached XP level 3. HP: 23/29 MP: 3/3
   684 | D:1      | Found a faded altar of an unknown god.
  1326 | D:2      | Reached skill level 6 in Polearms
  1381 | D:2      | Reached XP level 4. HP: 34/35 MP: 4/4
  2106 | D:3      | Reached skill level 7 in Polearms
  2106 | D:3      | Reached skill level 1 in Throwing
  2106 | D:3      | Reached XP level 5. HP: 17/41 MP: 5/5
  2578 | D:4      | Noticed a phantom
  2595 | D:4      | Killed a phantom
  2893 | D:4      | Reached XP level 6. HP: 47/47 MP: 6/6
  2933 | D:4      | Found Ezaluucs's Magic Scroll Shop.
  2941 | D:4      | Reached skill level 8 in Polearms
  2946 | D:4      | Bought a scroll of teleportation for 36 gold pieces
  2946 | D:4      | Bought a scroll of enchant armour for 90 gold pieces
  3545 | D:5      | Entered Level 5 of the Dungeon
  3633 | D:5      | Reached skill level 9 in Polearms
  3745 | D:5      | Reached XP level 7. HP: 52/52 MP: 7/7
  3757 | D:5      | Noticed Edmund
  3786 | D:5      | Killed Edmund
  3787 | D:5      | Reached skill level 10 in Polearms
  4074 | D:5      | Noticed Pikel
  4089 | D:5      | Killed Pikel
  4090 | D:5      | Reached skill level 12 in Polearms
  4090 | D:5      | Reached XP level 8. HP: 24/58 MP: 8/8
  4331 | D:5      | Noticed Eustachio
  4345 | D:5      | Killed Eustachio
  4346 | D:5      | Reached skill level 13 in Polearms
  4530 | D:5      | Got the Compendium of Toxins and Conjuration
  4705 | D:5      | Found a snail-covered altar of Cheibriados.
  4969 | D:5      | Became a worshipper of Cheibriados the Contemplative
  5182 | D:6      | Reached skill level 1 in Invocations
  5185 | D:6      | Identified the +2 pair of boots of the Many Friends {rF+}
  5394 | D:6      | Reached XP level 9. HP: 59/66 MP: 10/10
  5605 | D:6      | Reached * piety under Cheibriados
  5606 | D:6      | Reached skill level 5 in Fighting
  5606 | D:6      | Reached skill level 14 in Polearms
  6262 | D:7      | Found a staircase to the Ecumenical Temple.
  6804 | D:7      | Reached skill level 1 in Dodging
  7688 | D:8      | Reached ** piety under Cheibriados
  7983 | D:8      | Found a staircase to the Lair.
  7983 | D:8      | Noticed an elephant
  8189 | D:8      | Killed an elephant
  8190 | D:8      | Reached skill level 1 in Evocations
  8194 | D:8      | Reached skill level 15 in Polearms
  8194 | D:8      | Reached XP level 10. HP: 59/77 MP: 13/13
  8822 | D:9      | Found a huge runed translucent gate.
  8823 | D:9      | Found a huge runed translucent gate.
  8824 | D:9      | Found a huge runed translucent gate.
  8825 | D:9      | Found a huge runed translucent gate.
  8825 | D:9      | Noticed a manticore
  8862 | D:9      | Identified a scroll of acquirement
  9043 | D:9      | Acquired a +2 demon trident of draining
  9370 | D:9      | Noticed Psyche
  9382 | D:9      | Killed Psyche
  9392 | D:9      | Reached *** piety under Cheibriados
  9628 | D:9      | Found a runed translucent door.
  9634 | D:9      | Noticed fragbeetle's ghost (novice MiFi)
  9646 | D:9      | Reached skill level 5 in Throwing
  9646 | D:9      | Reached skill level 5 in Dodging
  9672 | D:9      | Found a staircase to the Orcish Mines.
  9714 | D:9      | Found a glowing golden altar of the Shining One.
  9973 | D:10     | Entered Level 10 of the Dungeon
 10120 | D:10     | Noticed a two-headed ogre
 10121 | D:10     | Noticed a two-headed ogre
 10127 | D:10     | Killed a two-headed ogre
 10134 | D:10     | Killed a two-headed ogre
 10423 | D:10     | Reached XP level 11. HP: 84/86 MP: 14/14
 10602 | D:10     | Noticed a two-headed ogre
 10607 | D:10     | Killed a two-headed ogre
 10920 | D:11     | Noticed a boulder beetle
 10935 | D:11     | Killed a boulder beetle
 10936 | D:11     | Reached skill level 16 in Polearms
 10948 | D:11     | Noticed a manticore
 10954 | D:11     | Killed a manticore
 11019 | D:11     | Noticed a centaur warrior
 11027 | D:11     | Killed a centaur warrior
 11695 | D:11     | Reached skill level 5 in Shields
 11714 | D:11     | Noticed a two-headed ogre
 11721 | D:11     | Killed a two-headed ogre
 11876 | D:11     | Reached **** piety under Cheibriados
 12080 | D:12     | Noticed a boulder beetle
 12098 | D:12     | Killed a boulder beetle
 12099 | D:12     | Reached skill level 5 in Evocations
 12214 | D:12     | Reached XP level 12. HP: 80/94 MP: 15/15
 12603 | D:12     | Noticed Frances
 12658 | D:13     | Noticed a boulder beetle
 12661 | D:13     | Noticed a six-headed hydra
 12759 | D:13     | Killed a six-headed hydra
 12763 | D:13     | Noticed Jorgrun
 12770 | D:13     | Noticed Rupert
 12836 | D:12     | Killed a boulder beetle
 13055 | Lair:1   | Entered Level 1 of the Lair of Beasts
 13057 | Lair:1   | Reached skill level 10 in Dodging
 13132 | Lair:1   | Reached skill level 5 in Invocations
 13317 | Lair:1   | Reached ***** piety under Cheibriados
 13710 | Lair:1   | Reached skill level 17 in Polearms
 14309 | Lair:2   | Reached XP level 13. HP: 70/102 MP: 17/17
 14537 | Lair:2   | Found a runed translucent door.
 14831 | Lair:2   | Found a runed translucent gate.
 14863 | Lair:2   | Found a runed translucent gate.
 14864 | Lair:2   | Found a runed translucent gate.
 14864 | Lair:2   | Found a runed translucent gate.
 14864 | Lair:2   | Found a runed translucent gate.
 14865 | Lair:2   | Found a runed translucent gate.
 15112 | Lair:3   | Reached skill level 10 in Fighting
 15197 | Lair:3   | Identified the +0 robe "Mooficas" {Fly Will+++ Regen+
                  | Int-5}
 15243 | Lair:3   | Found a staircase to the Snake Pit.
 15327 | Lair:3   | Reached ****** piety under Cheibriados
 15699 | Lair:4   | Noticed Urug
 15753 | Lair:4   | Killed Urug
 15906 | Lair:4   | Reached XP level 14. HP: 91/111 MP: 19/19
 15923 | Lair:4   | Found a staircase to the Swamp.
 16264 | Lair:4   | Reached skill level 18 in Polearms
 16490 | Lair:5   | Found a dark tunnel.
 16499 | Volcano  | Entered a volcano
 16711 | Volcano  | Found a bloodstained altar of Trog.
 16723 | Volcano  | Reached skill level 5 in Armour
 16968 | Lair:5   | Found a viscous altar of Jiyva.
 16968 | Lair:5   | Found a staircase to the Slime Pits.
 17158 | Lair:5   | Noticed Josephine
 17179 | Lair:5   | Killed Josephine
 17886 | Lair:6   | Entered Level 6 of the Lair of Beasts
 18038 | Lair:6   | Reached XP level 15. HP: 119/119 MP: 21/21
 18610 | Lair:6   | Found a burning altar of Makhleb.
 19065 | Lair:6   | Reached skill level 19 in Polearms
 19096 | Lair:6   | Found a corrupted altar of Lugonu.
 19096 | Lair:6   | Found a one-way gate to the infinite horrors of the Abyss.
 19102 | Lair:6   | Got the Guide on Flying Shape Shifting
 19566 | D:9      | Killed fragbeetle's ghost
 19672 | D:9      | Reached skill level 10 in Throwing
 19853 | D:12     | Killed Frances
 20059 | D:13     | Killed Jorgrun
 20240 | D:13     | Killed Rupert
 20263 | D:13     | Noticed Sonja
 20277 | D:13     | Killed Sonja
 20379 | D:13     | Noticed a rockslime
 20379 | D:13     | Noticed a shard shrike
 20379 | D:13     | a rockslime changed into a shard shrike
 20380 | D:13     | Noticed a juggernaut
 20380 | D:13     | a shard shrike changed into a juggernaut
 20383 | D:13     | Noticed a titan
 20383 | D:13     | a juggernaut changed into a titan
 20385 | D:13     | Noticed a rockslime
 20385 | D:13     | a titan changed into a rockslime
 20388 | D:13     | Noticed an iron dragon
 20388 | D:13     | a rockslime changed into an iron dragon
 20392 | D:13     | Noticed a fire giant
 20392 | D:13     | an iron dragon changed into a fire giant
 20395 | D:13     | a fire giant changed into an eleionoma
 20399 | D:13     | Reached XP level 16. HP: 127/127 MP: 23/23
 20432 | D:13     | Found a gate to the Vaults.
 20536 | D:14     | Found a portal to a secret trove of treasure.
 20702 | D:14     | Acquired 1024 gold pieces
 20742 | D:14     | Identified the +1 chain mail "Enezea" {-Tele Dex+6}
 20746 | D:14     | Got the Guide on Igneous Changing
 21490 | D:14     | Reached skill level 10 in Shields
 21698 | D:15     | Entered Level 15 of the Dungeon
 21750 | D:15     | Noticed Roxanne
 21776 | D:15     | Killed Roxanne
 21855 | D:15     | Reached skill level 10 in Invocations
 22005 | D:15     | Reached skill level 10 in Evocations
 22166 | D:15     | Found a staircase to the Depths.
 22542 | Orc:1    | Entered Level 1 of the Orcish Mines
 22542 | Orc:1    | Noticed Fannar
 22542 | Orc:1    | Noticed Nergalle
 22542 | Orc:1    | Found a bloodstained altar of Trog.
 22556 | Orc:1    | Killed Nergalle
 22564 | Orc:1    | Killed Fannar
 22707 | Orc:1    | Found a flagged portal.
 22710 | Orc:1    | Found Somiphu's Armour Emporium.
 22719 | Bailey   | Entered a bailey
 22875 | Bailey   | Acquired a scarf of shadows
 22887 | Bailey   | Reached skill level 20 in Polearms
 22887 | Bailey   | Reached XP level 17. HP: 135/135 MP: 24/24
 23006 | Orc:1    | Bought a +2 pair of gloves for 231 gold pieces
 23123 | Orc:2    | Entered Level 2 of the Orcish Mines
 23150 | Orc:2    | Found Vevoud's Weapon Shop.
 23207 | Orc:2    | Found a staircase to the Elven Halls.
 23464 | Orc:2    | Found Wucel's Magic Scroll Emporium.
 23523 | Orc:2    | Found Plog's General Store.
 23569 | Orc:2    | Bought a scroll of magic mapping for 52 gold pieces
 23569 | Orc:2    | Bought a potion of mutation for 120 gold pieces
 23852 | Orc:2    | Reached XP level 18. HP: 118/143 MP: 26/26
 23951 | Orc:2    | Found Uneixt's Jewellery Shop.
 23951 | Orc:2    | Found Ajimm's Antique Weapon Boutique.
 23952 | Orc:2    | Found a one-way gate leading to the halls of Pandemonium.
 23980 | Orc:2    | Bought the ring of Bigofiar {rElec rF+ rC+ rCorr Str+2} for
                  | 678 gold pieces
 24019 | Orc:2    | Bought a scroll of enchant armour for 120 gold pieces
 24019 | Orc:2    | Bought a scroll of fear for 56 gold pieces
 24019 | Orc:2    | Bought a scroll of teleportation for 48 gold pieces
 24019 | Orc:2    | Bought a scroll of holy word for 120 gold pieces
 24261 | Swamp:1  | Entered Level 1 of the Swamp
 24446 | Swamp:1  | Noticed a tentacled monstrosity
 24466 | Swamp:1  | Killed a tentacled monstrosity
 24845 | Swamp:2  | Noticed Mlioglotl
 24857 | Swamp:2  | Killed Mlioglotl
 24874 | Swamp:2  | Reached skill level 15 in Dodging
 25127 | Swamp:2  | Noticed Nikola
 25143 | Swamp:2  | Killed Nikola
 25451 | Swamp:3  | Paralysed by a fenstrider witch for 2 turns
 26039 | Swamp:4  | Entered Level 4 of the Swamp
 26671 | Swamp:4  | Reached XP level 19. HP: 103/151 MP: 21/27
 26752 | Swamp:4  | Found a blossoming altar of Fedhas.
 26769 | Swamp:4  | Found a basalt altar of Yredelemnul.
 26949 | Swamp:4  | Got a decaying rune of Zot
 27107 | Snake:1  | Entered Level 1 of the Snake Pit
 27217 | Snake:1  | Reached skill level 21 in Polearms
 27226 | Snake:1  | Found Hiuric's Distillery.
 27229 | Snake:1  | Found Leseumum's Jewellery Shoppe.
 27229 | Snake:1  | Found Qymifus's General Store.
 27233 | Snake:1  | Bought a potion of curing for 39 gold pieces
 27233 | Snake:1  | Bought a potion of heal wounds for 65 gold pieces
 27233 | Snake:1  | Found Muifoi's General Store.
 27239 | Snake:1  | Bought 3 potions of heal wounds for 225 gold pieces
 27239 | Snake:1  | Bought a scroll of fear for 52 gold pieces
 27242 | Snake:1  | Bought a scroll of teleportation for 39 gold pieces
 27250 | Snake:1  | Bought the amulet "Litazut" {Regen+ Str+3 Dex+2} for 807
                  | gold pieces
 27268 | Snake:1  | Bought a box of beasts for 600 gold pieces
 29122 | Snake:3  | Found a flickering gateway to a bazaar.
 29133 | Bazaar   | Entered a bazaar
 29135 | Bazaar   | Found Ovee's Weapon Boutique.
 29139 | Bazaar   | Found Peuss's Armour Boutique.
 29140 | Bazaar   | Found Nubis's Antique Armour Boutique.
 29140 | Bazaar   | Found Zytyi's Jewellery Boutique.
 29810 | Snake:4  | Entered Level 4 of the Snake Pit
 29943 | Snake:4  | Noticed Aizul
 29958 | Snake:4  | Killed Aizul
 30563 | Snake:4  | Reached XP level 20. HP: 70/160 MP: 29/29
 30816 | Snake:4  | Got a serpentine rune of Zot
 31872 | Vaults:1 | Entered Level 1 of the Vaults
 31987 | Vaults:1 | Found a transporter.
 31992 | Vaults:1 | Found a transporter.
 31993 | Vaults:1 | Noticed blank1's ghost (adept BaFi)
 32053 | Vaults:1 | Found Doduf's Armour Shoppe.
 32080 | Vaults:1 | Reached skill level 22 in Polearms
 32391 | Vaults:1 | Reached skill level 15 in Fighting
 32395 | Vaults:1 | Identified the +5 flail "Zuulaz" {speed, *Rage rPois Str+4
                  | Int+2}
 32508 | Vaults:1 | Noticed Asterion
 32519 | Vaults:1 | Killed Asterion
 33140 | Vaults:1 | Reached XP level 21. HP: 168/168 MP: 31/31
 33441 | Vaults:2 | Found Ajiotihe's Distillery.
 33448 | Vaults:2 | Bought a potion of curing for 63 gold pieces
 33448 | Vaults:2 | Bought a potion of curing for 63 gold pieces
 33448 | Vaults:2 | Bought a potion of curing for 63 gold pieces
 34616 | Vaults:2 | You fall into a shaft and drop 2 floors!
 35198 | Vaults:4 | Paralysed by a sphinx for 4 turns
 35426 | Vaults:4 | Reached skill level 10 in Armour
 35955 | Vaults:3 | Reached skill level 23 in Polearms
 36173 | Vaults:3 | Reached XP level 22. HP: 172/177 MP: 32/32
 37627 | Vaults:2 | Found a staircase to the Crypt.
 37814 | Depths:1 | Entered Level 1 of the Depths
 37922 | Depths:1 | Found a gateway to Hell.
 37959 | Depths:1 | Identified the +1 hand crossbow of Xire {freeze, +Blink
                  | Str+4 Dex+3}
 38242 | Depths:1 | Identified the +4 scale mail of Past Mistakes {rElec rF+
                  | Regen+ MP+9}
 38408 | Depths:1 | Found a gateway to a ziggurat.
 38644 | Depths:1 | Found Kezih's Jewellery Boutique.
 38644 | Depths:1 | Found Ilucwewo's Book Emporium.
 38645 | Depths:1 | Found Uhyla's Jewellery Boutique.
 38756 | Hell     | Entered the Vestibule of Hell
 38758 | Hell     | Noticed Geryon
 38945 | Depths:2 | Noticed a golden dragon
 38954 | Depths:2 | Killed a golden dragon
 40510 | Depths:3 | Reached skill level 15 in Invocations
 40699 | Depths:3 | Reached XP level 23. HP: 185/185 MP: 34/34
 40924 | Depths:3 | Noticed Xtahua
 40943 | Depths:3 | Killed Xtahua
 41247 | Depths:3 | Paralysed by a great orb of eyes for 4 turns
 41251 | Depths:3 | HP: 7/186 [hell knight (22)]
 41251 | Depths:3 | Mangled by a hell knight

Illustrated notes

Levels and vault maps discovered:
D:1:      dpeg_arrival_orchard, layout_loops_ring,
          hellmonk_ecumenical_altar_leap_of_faith, moated_statue,
          minmay_bisected
D:2:      layout_rooms
D:3:      layout_loops_ring
D:4:      layout_loops_corners, serial_glass, glass_columns_a, glass_columns_c,
          glass_columns_b, glass_columns_b, glass_columns_b, glass_columns_c,
          serial_shops, nicolae_shop_crystal, corner_web_ring
D:5:      layout_loops_cross, chei_slow_surprise, uniq_edmund, uniq_pikel,
          uniq_eustachio
D:6:      corexii_shack_village, layout_basic, grunt_ministairs_14,
          dk_vineyard_1
D:7:      layout_gridville, temple_doors_ab, roderic_lattice_a,
          corexii_leaking_fountain
D:8:      layout_basic, david_lair_generic
D:9:      lemuel_bear_cage, layout_basic, tso_oasis_becter, orc_0_dummy,
          ebering_ghost_reflecting_pool, uniq_psyche
D:10:     layout_loops_cross, grunt_ministairs_1
D:11:     layout_roguey
D:12:     layout_layer_cave, uniq_frances
D:13:     layout_big_octagon, david_vaults_4, uniq_rupert, uniq_sonja,
          uniq_jorgrun
D:14:     kennysheep_four_of_diamonds, layout_loops_corners, enter_trove_2,
          minmay_mirror_moons_of_madness
D:15:     grunt_enter_depths_snipers, layout_basic,
          ebering_dispersal_statue_hall, uniq_roxanne
Lair:1:   layout_loops_ring, serial_bayou_shore_a
Lair:2:   gammafunk_indiana_jones, layout_big_grid,
          nicolae_quartered_pool_super, lemuel_old_faithful
Lair:3:   layout_misc_corridors, minmay_snake_entry_six_corridors
Lair:4:   layout_gridlike, palyth_hydra_swamp_entry, minivault_24, uniq_urug
Lair:5:   layout_hall_layers, slime_altar_1, nicolae_volcano_entry_batcave,
          disabler_island, grunt_megastairs_5, uniq_josephine
Lair:6:   hellmonk_lair_end_abyssal_woods, layout_gridlike, basic_altar,
          infiniplex_staircase_pool
Swamp:1:  layout_falls_marsh, nicolae_swamp_some_circles
Swamp:2:  layout_basic_swamp, evilmike_swamp_ruin_house_1, swamp_pool1,
          hangedman_swamp_lotus, uniq_nikola, uniq_mlioglotl
Swamp:3:  layout_basic_swamp, hangedman_swamp_ruin_wall, swamp_pool1,
          infiniplex_staircase_pool_2
Swamp:4:  byrel_swamp_growth_death_and_undeath, layout_basic_swamp
Snake:1:  layout_grid_maze, minmay_snake_pond, minmay_shoptagon
Snake:2:  layout_cave_pods
Snake:3:  layout_concentric_octagons, serial_shops, bzr_entry_dummy
Snake:4:  hellmonk_snake_rune_quicksilver_temple, layout_gridlike,
          nicolae_snake_mages_go_home, grunt_megastairs_3, uniq_aizul
Orc:1:    layout_caves, enter_bailey_3, basic_altar, serial_shops, shop,
          uniq_fannar, uniq_nergalle
Orc:2:    pf_orc_diabolical, layout_caves, serial_shops, nicolae_shop_crystal
Vaults:1: gammafunk_ghost_wrathful_warriors, nicolae_vaults_alarming,
          nicolae_vaults_border_crossing, v_rooms_5, v_rooms_3,
          nicolae_vaults_back_hallway, hangedman_vaults_restitches,
          nicolae_vaults_little_squares_5, vaults_room_hangedman_quadrants,
          layout_vaults_big_room, serial_shops, nicolae_shop_statue_plus,
          uniq_asterion
Vaults:2: vaults_dpeg_spiral, v_misc_17, minmay_crypt_entry_simple_walls,
          v_misc_17, vaults_room_corners, nicolae_vaults_little_squares_3,
          v_misc_1, v_misc_11, vaults_dpeg_ring, vaults_room_pools,
          vaults_mumra_minichess, layout_vaults_omnigrid, serial_shops,
          nicolae_shop_statue_plus
Vaults:3: v_rooms_6, nicolae_vaults_murderbox, ontoclasm_vaults_shuriken,
          hangedman_vaults_cutoff, ontoclasm_vaults_ligature,
          nicolae_vaults_windows_and_doors_thing, nicolae_vaults_angled_halls,
          vaults_mumra_chevron, hangedman_vaults_impose, layout_vaults_ring
Vaults:4: grunt_vaults_swirl, v_misc_10, nicolae_vaults_display_case,
          hangedman_vaults_stagger, v_alt_pattern_6, vaults_room_corners,
          v_misc_3, nicolae_vaults_little_squares_5, vaults_dpeg_cross,
          vaults_dpeg_encased_lava, layout_vaults_omnibox
Depths:1: layout_gridlike, enter_ziggurat_e, minmay_misc_feat_plants,
          hell_entry, minmay_protected_statue, minmay_shop_grove
Depths:2: mu_elephants_graveyard, layout_basic, roderic_serpentine_path,
          pan_entry, hell_entry, hangedman_abyss_or_decor_stabs,
          lemuel_flamethrower_2, infiniplex_staircase_pool_1
Depths:3: nzn_winding_woodlands_cross [nzn_winding_woodlands_5x15_sawtooth,
          nzn_winding_woodlands_5x15_twine,
          nzn_winding_woodlands_5x15_split_checker,
          nzn_winding_woodlands_5x15_default,
          nzn_winding_woodlands_15x15_boxy_spiral], layout_gridlike, hell_entry,
          abyss_entry, kennysheep_kite_vault, minmay_staircase_windowed_large,
          uniq_xtahua
Hell

Skill      XL: |  1  2  3  4  5  6  7  8  9 10 11 12 13 14 15 16 17 18 19 20 21 22 |
---------------+-------------------------------------------------------------------+-----
Polearms       | 4 5 6 7 9 12 13 15 16 17 18 19 20 21 22 23 | 23.8
Throwing       | 1 2 3 4 5 6 7 8 9 10 11 12 13 14 | 14.9
Fighting       | 4 6 7 8 9 10 11 12 13 14 15 16 | 16.7
Invocations    | 2 4 5 7 8 9 10 11 12 13 14 15 | 15.2
Dodging        | 3 7 9 10 11 12 13 14 15 16 17 18 19 | 19.2
Evocations     | 1 3 5 6 7 8 9 10 11 12 13 14 | 14.3
Shields        | 4 5 6 7 8 9 10 11 12 13 14 | 14.5
Armour         | 3 4 5 6 7 8 9 10 | 10.7

Action                   |  1- 3 |  4- 6 |  7- 9 | 10-12 | 13-15 | 16-18 | 19-21 | 22-24 || total
-------------------------+-------+-------+-------+-------+-------+-------+-------+-------++-------
Melee: Trident           |   122 |   133 |   327 |    34 |       |       |       |       ||   616
       Demon trident     |       |       |       |   425 |  1135 |  1186 |  1674 |   845 ||  5265
       Tailslap          |       |       |       |       |     5 |    56 |       |       ||    61
Throw: Dart              |       |     1 |    27 |    42 |    32 |     8 |     2 |       ||   112
       Boomerang         |       |       |     6 |     9 |     8 |     4 |    30 |       ||    57
       Javelin           |       |       |       |       |     7 |    10 |     5 |       ||    22
Invok: Slouch            |       |       |       |       |       |     8 |     7 |     4 ||    19
Evoke: Wand              |       |       |       |    10 |     8 |     2 |     8 |     1 ||    29
       Tin of tremorston |       |       |       |     2 |     3 |     7 |    10 |     4 ||    26
       Phantom mirror    |       |       |       |       |     1 |     1 |     1 |     1 ||     4
       Condenser vane    |       |       |       |       |       |     3 |     4 |     1 ||     8
       Box of beasts     |       |       |       |       |       |       |     2 |     1 ||     3
  Use: Potion            |       |       |     3 |     5 |     1 |     2 |     3 |       ||    14
       Scroll            |       |       |     9 |    16 |    10 |     7 |     5 |       ||    47
 Stab: Sleeping          |       |       |       |     3 |     8 |     9 |    15 |     1 ||    36
       Distracted        |       |       |       |     1 |     5 |     8 |     5 |     4 ||    23
       Fleeing           |       |       |       |       |     2 |       |       |       ||     2
Armor: Scale mail        |    36 |    44 |    55 |    37 |       |       |       |    63 ||   235
       Troll leather arm |       |       |       |    39 |   106 |    29 |       |       ||   174
       Leather armour    |       |       |       |       |     3 |       |       |       ||     3
       Swamp dragon scal |       |       |       |       |       |    79 |   192 |    39 ||   310
       Ring mail         |       |       |       |       |       |    10 |       |       ||    10
Dodge: Dodged            |    60 |    35 |    86 |   267 |   770 |   826 |  1416 |   636 ||  4096
Block: Buckler           |    20 |    19 |    46 |   134 |    42 |       |       |       ||   261
       Kite shield       |       |       |       |       |   740 |   814 |   437 |       ||  1991
       Tower shield      |       |       |       |       |       |       |  1353 |   978 ||  2331

Table legend: (Time is in decaauts)
 A = Elapsed time spent in this place.
 B = Non-inter-level travel time spent in this place.
 C = Inter-level travel time spent in this place.
 D = Time resting spent in this place.
 E = Time spent auto-exploring this place.
 F = Levels seen in this place.
 G = Mean time per level.
                   A        B        C        D        E       F      G
               +--------+--------+--------+--------+--------+-----+--------+
         Total |  61011 |  55635 |   5376 |   1847 |  42367 |  42 | 1452.6 |
       Dungeon |  21561 |  19061 |   2500 |   1533 |  14558 |  15 | 1437.4 |
          Lair |  10261 |   9200 |   1061 |     16 |   7078 |   6 | 1710.2 |
         Swamp |   3912 |   3701 |    211 |     86 |   2689 |   4 |  978.0 |
     Snake Pit |   7300 |   6838 |    462 |     71 |   5321 |   4 | 1825.0 |
  Orcish Mines |   2048 |   1829 |    219 |     25 |   1216 |   2 | 1024.0 |
        Vaults |   9338 |   8916 |    422 |    115 |   7022 |   4 | 2334.5 |
        Depths |   5659 |   5161 |    498 |      0 |   4013 |   3 | 1886.3 |
          Hell |     10 |     10 |      0 |      0 |      0 |   1 |   10.0 |
        Bazaar |     93 |     93 |      0 |      0 |     54 |   1 |   93.0 |
        Bailey |    399 |    399 |      0 |      0 |    249 |   1 |  399.0 |
       Volcano |    425 |    425 |      0 |      0 |    164 |   1 |  425.0 |
               +--------+--------+--------+--------+--------+-----+--------+

Top non-repeatable levels by time:
Depths:2: 2831 daAuts
Vaults:2: 2676 daAuts
 Snake:4: 2543 daAuts
Vaults:1: 2504 daAuts
  Lair:5: 2223 daAuts
    D:14: 2189 daAuts
     D:9: 2139 daAuts
Vaults:3: 2127 daAuts
Vaults:4: 2030 daAuts
     D:8: 2022 daAuts
  Lair:6: 1972 daAuts
    D:12: 1903 daAuts
 Snake:2: 1799 daAuts
  Lair:2: 1706 daAuts
    D:11: 1668 daAuts
